cohdb
Replays
Latest Replays
All Replays
Popular Replays
Top Player Replays
Match Explorer
How It Works
Community
CoH3 Stats
Reddit
Sign in to upload your games and track your stats! →
Sign in with Steam
Match 20191748
Unlisted
Match 20191748
Overview
Messages
Build Orders
End
Construct Barracks
Selects Special Operations Battlegroup
Riflemen Squad
Riflemen Squad
Riflemen Squad
Infantry Support Center
Engineer Squad
Selects M29 Weasel with M1 Pack Howitzer
M29 Weasel with M1 Pack Howitzer
Construct Motor Pool
Grenade Package
Construct Medical Station
M1 Anti-tank Gun Team
Selects P-47 Anti-Infantry Loiter
M8 Greyhound Armored Car
Riflemen Squad
M1918 Browning Automatic Rifles
M1 Anti-tank Gun Team
.30 cal Machine Gun
Construct Tank Depot
Selects M4A1 Sherman Whizbang
AI Takeover
WayTooTicklish
MonoChrome
Hunter dak 4v4 player
ValiantHawk
0
0
Comments
sign in to comment!
No comments posted yet!